 Dungeon Crawl Stone Soup version 0.27-a0-899-ge2d0b17c59 (webtiles) character file.

Game seed: 15381383480976229468

16 mhtbhm the Shield-Bearer (level 2, -1/19 HPs)
             Began as a Gargoyle Fighter on Apr 5, 2021.
             Slain by a hobgoblin (4 damage)
             ... led by Robin
             ... on level 2 of the Dungeon.
             The game lasted 00:00:38 (844 turns).

mhtbhm the Shield-Bearer (Gargoyle Fighter)          Turns: 844, Time: 00:00:39

Health: -1/19      AC:  9    Str: 19    XL:     2   Next: 54%
Magic:  2/2        EV:  5    Int:  8    God:
Gold:   44         SH: 13    Dex:  9    Spells: 1/1 levels left

rFire    . . .     SeeInvis .   a - +0 flail
rCold    . . .     Faith    .   c - +0 tower shield
rNeg     + . .     Spirit   .   b - +0 scale mail
rPois    ∞         Reflect  .   (no helmet)
rElec    +         Harm     .   (no cloak)
rCorr    .         Rampage  .   (no gloves)
Will     .....                  (no boots)
Stlth    ..........             (no amulet)
HPRegen  0.06/turn              (no ring)
MPRegen  0.08/turn              (no ring)

@: no status effects
A: AC +2, negative energy resistance 1, electricity resistance, torment
resistance 1, unbreathing 1, petrification resistance
a: no special abilities


You were on level 2 of the Dungeon.
You visited 1 branch of the dungeon, and saw 2 of its levels.

You collected 44 gold pieces.

Inventory:

Hand Weapons
 a - a +0 flail (weapon)
Armour
 b - a +0 scale mail (worn)
 c - a +0 tower shield (worn)
Scrolls
 g - a scroll of blinking {unknown}
Potions
 d - 3 potions of might
 e - a potion of berserk rage {unknown}
 f - a potion of heal wounds {unknown}


   Skills:
 + Level 3.4 Fighting
 + Level 2.1 Maces & Flails
 + Level 3.4 Armour
 + Level 0.2 Dodging
 + Level 3.6 Shields


You had one spell level left.
You didn't know any spells.
Your spell library was empty.

Dungeon Overview and Level Annotations

Branches:
Dungeon (2/15)

Altars:
Qazlal

Annotations:
D:2 Robin


Innate Abilities, Weirdness & Mutations

Your stone body is resilient. (AC +2)
You are immune to poison.
You resist negative energy. (rN+)
You are resistant to electric shocks. (rElec)
You are resistant to unholy torment.
You can survive without breathing.
You are immune to petrification.


Message History

Robin of the Strong Arm comes into view.
They are wielding a +0 short sword.
You block the goblin's attack. The goblin hits you with a +0 dagger.
Robin moves out of view.
You closely miss the goblin. The goblin barely misses you.
You block the goblin's attack. You block the hobgoblin's attack.
A goblin comes into view. It is wielding a +1 dagger of venom.
You hit the goblin.
You kill the goblin!
You block the goblin's attack.
The hobgoblin hits you but does no damage.
The goblin barely misses you. You block the ball python's attack. x2
You block the hobgoblin's attack.
You closely miss the ball python.
The ball python is heavily wounded.
You block the ball python's attack. x2; The goblin hits you but does no damage. x2
The hobgoblin hits you.
The ball python bites you but does no damage.
The ball python grabs you. The ball python constricts you.
Robin says, "My goblins will feast on your bones."
The goblin hits you but does no damage.
You hit the ball python.
The ball python is heavily wounded.
The ball python bites you but does no damage.
The ball python constricts you. You block the goblin's attack.
The hobgoblin hits you but does no damage.
Robin roars a battlecry!
The goblins go into a battle-frenzy!
The goblin hits you with a +0 club.
The ball python bites you but does no damage.
The ball python constricts you. The goblin hits you but does no damage.
The hobgoblin hits you. You block the goblin's attack.
You hear a shout!
You sock the ball python!
You kill the ball python!
You block the goblin's attack.
The hobgoblin hits you but does no damage.
The goblin hits you with a +0 club.
* * * LOW HITPOINT WARNING * * *
The goblin barely misses you. The hobgoblin hits you.
You die...

##.# ... # #g. #
############.### #
#.....##.. ....###..
#######.###.##.###........
'............#.#..........
#######...####.#g#........
# #........#@#........ #
##.......#gggg##.....
######...._...#.g.........
..............#...###.....
..............#...# ....
............#.#...# ...
##'#...†....#.#[..#
##.#........#.#...#
...##.#.......#<..########


You could see Robin, a hobgoblin (strong) and 4 goblins.

Vanquished Creatures
  2 goblins
  2 hobgoblins (D:2)
  5 ball pythons
  2 bats
  3 frilled lizards
  3 rats
17 creatures vanquished.

Notes
Turn   | Place    | Note
-------+----------+-------------------------------------------
     0 | D:1      | mhtbhm the Gargoyle Fighter began the quest for the Orb.
     0 | D:1      | Reached XP level 1. HP: 14/14 MP: 1/1
   375 | D:1      | Found a faded altar of an unknown god.
   509 | D:1      | Reached XP level 2. HP: 19/19 MP: 2/2
   687 | D:2      | Found a stormy altar of Qazlal.
   839 | D:2      | Noticed Robin
   844 | D:2      | Slain by a hobgoblin

Illustrated notes

Levels and vault maps discovered:
D:1:      dpeg_arrival_leaves_temple_mockup, layout_rooms,
          shapermc_ecumenical_altar_starsandcircs
D:2:      layout_basic, basic_altar, uniq_robin, uniq_terence

Action                   || total
-------------------------++-------
Melee: Flail             ||    60
Armor: Scale mail        ||    46
Dodge: Dodged            ||     9
Block: Kite shield       ||     5
       Tower shield      ||    59

Table legend: (Time is in decaauts)
 A = Elapsed time spent in this place.
 B = Non-inter-level travel time spent in this place.
 C = Inter-level travel time spent in this place.
 D = Time resting spent in this place.
 E = Time spent auto-exploring this place.
 F = Levels seen in this place.
 G = Mean time per level.
                   A        B        C        D        E       F      G
               +--------+--------+--------+--------+--------+-----+--------+
         Total |    883 |    883 |      0 |      0 |    704 |   2 |  441.5 |
       Dungeon |    883 |    883 |      0 |      0 |    704 |   2 |  441.5 |
               +--------+--------+--------+--------+--------+-----+--------+

Top non-repeatable levels by time:
     D:1: 602 daAuts
     D:2: 281 daAuts
